AoeStats
← fat_dgk

Pilgrims

508369915Analyzed
4v4 RM · 10d ago on Sep 22, 2026· 38m 48s· 8 players
Game mode
Random Map
Map size
Large (8 player)
Population
200
Speed
Normal
Resources
Standard
Victory
Conquest
Starting age
Dark Age
Ending age
Imperial Age
RankedLock teamsTeams togetherTeam positionsShared explorationLock speedFull tech treeHidden civsTurbo modeCheats
Victory
Defeat
🇦🇷 Portuguese · Argentina
1200
+13
🇮🇳 Berbers · India
1166
+14
🇵🇪 Dravidians · Peru
1156
+14
🇨🇱 Armenians · Chile
1108
+16
🇨🇦 Dravidians · Canada
1136
-15
🇺🇸 Huns · United States
1135
-15
🇲🇽 Armenians · Mexico
1122
-14
🇺🇸 Vikings · United States
1098
-13
I Never Resign
10:47 Loom
13:18 Feudal Age
15:52 Fletching
21:39 Horse Collar
25:17 Double-Bit Axe
28:14 Castle Age
28:38 Scale Mail Armor
28:48 Forging
28:52 Arson
29:32 Squires
29:17 Gambesons
29:50 Chain Mail Armor
31:50 Iron Casting
36:06 Chieftains
GR4Y_BE4RD
7:04 Loom
9:45 Feudal Age
10:12 Double-Bit Axe
19:38 Castle Age
17:53 Fletching
17:53 Man-at-Arms
18:38 Scale Mail Armor
18:43 Horse Collar
20:36 Medium Warships
20:38 Bodkin Arrow
21:22 Town Watch
21:45 Long Swordsman
22:26 Squires
28:12 Wheelbarrow
27:48 Stone Mining
27:49 Gold Mining
33:28 Imperial Age
31:32 Padded Archer Armor
32:45 Leather Archer Armor
34:59 Husbandry
35:30 Bracer
danny dillinger
5:54 Loom
11:39 Feudal Age
15:46 Double-Bit Axe
21:43 Castle Age
20:50 Gold Mining
27:27 Fervor
27:54 Gambesons
29:14 Fletching
29:24 Padded Archer Armor
31:05 Sanctity
32:31 Padded Archer Armor
35:41 Ballistics
DharasZ
11:11 Feudal Age
9:30 Loom
12:23 Double-Bit Axe
16:11 Horse Collar
17:02 Bloodlines
17:03 Forging
18:49 Scale Barding Armor
19:40 Wheelbarrow
23:34 Castle Age
21:39 Stone Mining
23:41 Gold Mining
25:08 Bow Saw
27:28 Fletching
27:06 Light Cavalry
28:48 Iron Casting
28:58 Chain Barding Armor
30:28 Gold Shaft Mining
30:35 Fervor
30:52 Husbandry
31:27 Hand Cart
30:58 Town Watch
33:17 Heavy Plow
34:35 Thumb Ring
34:37 Fletching
37:55 Bodkin Arrow
38:01 Padded Archer Armor
38:50 Murder Holes
fat_dgk
7:31 Loom
10:29 Feudal Age
11:18 Double-Bit Axe
11:30 Gold Mining
12:01 Fletching
20:38 Castle Age
21:23 Bodkin Arrow
21:41 Medium Warships
22:38 Wheelbarrow
26:35 Clinker Construction
26:46 Ballistics
28:27 Pikeman
29:53 Hand Cart
30:58 Bow Saw
30:36 Halberdier
31:17 Squires
31:42 Gambesons
31:58 Scale Mail Armor
35:22 Chain Mail Armor
35:18 Forging
35:41 Padded Archer Armor
39:31 Imperial Age
39:42 Iron Casting
JK_TheBest
7:27 Loom
9:41 Feudal Age
10:58 Wheelbarrow
10:10 Double-Bit Axe
17:03 Castle Age
16:01 Horse Collar
16:44 Gold Mining
17:56 Medium Warships
19:03 Bow Saw
20:21 Heavy Plow
21:26 Fishing Lines
23:13 Hand Cart
24:13 Pikeman
25:54 Gambesons
27:58 Gillnets
29:01 Forging
29:09 Scale Mail Armor
31:55 Imperial Age
30:12 Fletching
30:22 Padded Archer Armor
32:34 Husbandry
32:01 Elite Elephant Archer
33:09 Thumb Ring
34:07 Stone Mining
34:52 Bodkin Arrow
35:15 Leather Archer Armor
36:39 Bracer
37:52 Chemistry
37:54 Medical Corps
38:49 Ring Archer Armor
39:03 Ballistics
Ghajini
4:52 Loom
11:07 Feudal Age
15:46 Castle Age
14:48 Horse Collar
14:57 Double-Bit Axe
16:33 Horse Collar
17:18 Heavy Plow
19:57 Fletching
21:55 Wheelbarrow
24:26 Bodkin Arrow
25:15 Bow Saw
25:34 Padded Archer Armor
26:58 Hand Cart
27:45 Hand Cart
31:10 Imperial Age
30:35 Leather Archer Armor
30:29 Scale Barding Armor
30:35 Forging
32:04 Bloodlines
31:16 Cavalier
33:29 Chain Barding Armor
33:45 Iron Casting
33:35 Conscription
37:49 Bracer
Franco Colapinto
10:43 Feudal Age
12:51 Fishing Lines
13:34 Loom
16:50 Castle Age
15:24 Double-Bit Axe
15:44 Gold Mining
16:37 Fletching
17:59 Bow Saw
18:21 Bodkin Arrow
20:16 Gillnets
22:19 Clinker Construction
22:30 Ballistics
23:17 Wheelbarrow
22:28 Town Watch
25:04 Scale Mail Armor
25:14 Forging
25:33 Hand Cart
25:25 Pikeman
26:37 Town Patrol
29:00 Stone Mining
32:47 Imperial Age
31:10 Chain Mail Armor
31:31 Iron Casting
30:45 Gambesons
32:08 Stone Shaft Mining
32:10 Treadmill Crane
32:48 Careening
34:36 Chemistry
33:56 Carvel Hull
35:15 Two-Man Saw
34:19 Bracer
35:23 Dry Dock
34:28 Elite Caravel
34:40 Elite Cannon Galleon
36:50 Conscription
36:31 Circumnavigation
Connection lost

Rejoining the realm…

Still unreachable

The connection could not be restored.

Session expired

The server has moved on; the page needs a fresh start.